 Dungeon Crawl Stone Soup version 0.21.1-1-g345015fe64 (webtiles) character file.

7070 Henning the Cleaver (level 10, -17/92 (93) HPs)
             Began as a Minotaur Berserker on June 14, 2018.
             Was an Elder of Trog.
             Killed from afar by Erica (35 damage)
             ... with a bolt of poison
             ... on level 8 of the Dungeon.
             The game lasted 00:19:48 (7307 turns).

Henning the Cleaver (Minotaur Berserker)            Turns: 7307, Time: 00:19:50

HP:   -17/92 (93)   AC: 19    Str: 24    XL:     10   Next: 83%
MP:   9/9           EV:  9    Int:  4    God:    Trog [****..]
Gold: 415           SH:  5    Dex: 11    Spells: 9/9 levels left

rFire    . . .     SeeInvis .   a - +1 hand axe
rCold    . . .     Gourm    .   q - +0 buckler
rNeg     . . .     Faith    +   p - +0 plate armour
rPois    .         Spirit   .   (helmet restricted)
rElec    .         Reflect  .   (no cloak)
rCorr    .         Harm     .   d - +2 pair of gloves
MR       .....                  r - +0 pair of boots
Stlth    ..........             t - amulet of faith
HPRegen  0.25/turn              (no ring)
MPRegen  0.11/turn              (no ring)

@: lethally poisoned (-17 -> -50), slowed, very slow
A: retaliatory headbutt, horns 2
a: Berserk, Trog's Hand, Brothers in Arms, Burn Spellbooks, Renounce Religion


You were on level 8 of the Dungeon.
You worshipped Trog.
Trog was greatly pleased with you.
You were not hungry.

You visited 2 branches of the dungeon, and saw 9 of its levels.

You collected 415 gold pieces.

Inventory:

Hand Weapons
 a - a +1 hand axe (weapon)
Armour
 d - a +2 pair of gloves (worn)
 p - a +0 plate armour (worn)
 q - a +0 buckler (worn)
 r - a +0 pair of boots (worn)
Jewellery
 t - an amulet of faith (around neck)
Wands
 b - a wand of iceblast (10)
 l - a wand of enslavement (7)
 x - a wand of paralysis (11)
 y - a wand of clouds (3)
Scrolls
 g - a scroll of immolation
 h - a scroll of enchant armour {unknown}
 j - 8 scrolls of identify
 k - a scroll of teleportation
 n - a scroll of magic mapping {unknown}
 s - a scroll of fog {unknown}
 u - 3 scrolls of remove curse
 w - 2 scrolls of enchant weapon
Potions
 e - 2 potions of brilliance {unknown}
 f - a potion of degeneration {unknown}
 i - 4 potions of haste {unknown}
 m - 2 potions of lignification {unknown}
 o - a potion of invisibility
 v - a potion of ambrosia {unknown}
 z - a potion of berserk rage {unknown}
 A - a potion of flight {unknown}
 B - a potion of magic {unknown}
 D - a potion of mutation {unknown}
 E - a potion of heal wounds
Comestibles
 c - 16 rations
 C - 3 chunks of flesh


   Skills:
 + Level 10.1 Fighting
 + Level 13.5 Axes
 + Level 9.6 Armour
 + Level 4.0 Dodging
 + Level 0.7 Stealth
 + Level 4.5 Shields


You had 9 spell levels left.
You didn't know any spells.

Dungeon Overview and Level Annotations

Branches:
Dungeon (8/15)             Temple (1/1) D:6
   Lair: D:8-11

Altars:
Ashenzari
Cheibriados
Dithmenos
Fedhas
Gozag
Hepliaklqana
Kikubaaqudgha
Makhleb
Nemelex Xobeh
Okawaru
Qazlal
Ru
Sif Muna
Trog
Uskayaw
Vehumet
Wu Jian
Xom
Yredelemnul
Zin
The Shining One

Shops:
D:4 ?

Annotations:
D:8 Erica


Innate Abilities, Weirdness & Mutations

You reflexively headbutt those who attack you in melee.
You have a pair of horns on your head.


Message History

* * * LOW HITPOINT WARNING * * *
You feel sick. Something hits you but does no damage.
Your plate armour prevents you from hitting something.
Your headbutt misses something.
* * * LOW HITPOINT WARNING * * *
You feel sick.
You miss something.
* * * LOW HITPOINT WARNING * * *
You feel very sick.
You hear some strange, mumbled words.
An orb of energy appears from out of thin air!
The orb of energy misses you.
You slash something! Your headbutt misses something.
* * * LOW HITPOINT WARNING * * *
You feel sick.
You hear some strange, mumbled words.
A bolt of poison appears from out of thin air!
The bolt of poison hits you!
You are lethally poisoned!
You die...

#.....#......# #...
################### ##...
#......################....
#......##...............##.
#......##.#################
#......%..# #......####
##### #......####### #....
#.........@{.# ..###
#......#####....# .######.
#......# ##./. ........
#......# . ........
######## ########


There were no monsters in sight!

Vanquished Creatures
  A two-headed ogre (D:8)
  The ghost of supermoro the Carver, a novice MiGl of Gozag (D:8)
  Pikel (D:8)
  Maurice (D:8)
  The ghost of Henning the Chopper, an amateur MiBe of Trog (D:4)
  Grinder (D:6)
  A troll (D:7)
  2 hippogriffs
  Prince Ribbit (D:6)
  A wyvern (D:8)
  5 yaks (D:7)
  Eustachio (D:6)
  A water moccasin (D:8)
  2 sky beasts
  2 orc warriors (D:8)
  A slave (D:8)
  4 necrophages (D:8)
  An ogre (D:7)
  A centaur (D:5)
  Blork the orc (D:6)
  7 bullfrogs
  A gnoll sergeant (D:8)
  A scorpion (D:6)
  4 killer bees (D:7)
  9 wights
  A howler monkey (D:7)
  A crimson imp (D:5)
  A bullfrog zombie (D:8)
  3 hounds
  A centaur zombie (D:8)
  4 iguanas
  4 orc priests
  A jelly (D:6)
  An orc wizard (D:5)
  4 worker ants
  A hound zombie (D:8)
  A hound skeleton (D:8)
  A mummy (D:8)
  2 worker ant zombies (D:8)
  3 gnolls (D:8)
  6 adders
  A shadow imp (D:8)
  2 oozes
  2 adder zombies
  An adder skeleton (D:4)
  A worm (D:3)
  2 dart slugs (D:1)
  5 leopard geckos
  19 orcs
  2 ball pythons
  5 giant cockroaches
  10 goblins
  3 hobgoblins (D:1)
  5 jackals
  4 kobolds
  A quokka (D:3)
  A ball python skeleton (D:5)
  4 bats
  A frilled lizard (D:5)
  A giant cockroach zombie (D:6)
  A jackal skeleton (D:8)
  A quokka zombie (D:6)
  5 rats
164 creatures vanquished.

Vanquished Creatures (others)
  4 withered plants (D:8)
4 creatures vanquished.

Grand Total: 168 creatures vanquished

Notes
Turn   | Place    | Note
-------+----------+-------------------------------------------
     0 | D:1      | Henning the Minotaur Berserker began the quest for the Orb.
     0 | D:1      | Reached XP level 1. HP: 19/19 MP: 0/0
   328 | D:1      | Reached skill level 4 in Axes
   403 | D:1      | Reached XP level 2. HP: 27/27 MP: 1/1
  1145 | D:2      | Reached XP level 3. HP: 24/33 MP: 2/2
  1206 | D:2      | Reached ** piety under Trog
  1448 | D:2      | Reached skill level 5 in Axes
  1558 | D:2      | Found a faded altar of an unknown god.
  1750 | D:3      | Reached XP level 4. HP: 40/40 MP: 3/3
  2005 | D:3      | Found a snail-covered altar of Cheibriados.
  2121 | D:3      | Found a glowing golden altar of the Shining One.
  2299 | D:4      | Noticed Henning's ghost (amateur MiBe)
  2316 | D:4      | Killed Henning's ghost
  2316 | D:4      | Reached skill level 5 in Fighting
  2316 | D:4      | Reached skill level 6 in Axes
  2316 | D:4      | Reached XP level 5. HP: 48/48 MP: 4/4
  2316 | D:4      | Reached XP level 6. HP: 56/56 MP: 5/5
  2374 | D:4      | Found Lana's Magic Scroll Boutique.
  2780 | D:5      | Entered Level 5 of the Dungeon
  2864 | D:5      | Reached skill level 7 in Axes
  2964 | D:5      | Reached XP level 7. HP: 58/61 MP: 6/6
  3467 | D:6      | Noticed a hippogriff
  3473 | D:6      | Reached skill level 8 in Axes
  3479 | D:6      | Killed a hippogriff
  3491 | D:6      | Noticed Blork the orc
  3503 | D:6      | Killed Blork the orc
  3503 | D:6      | Reached skill level 9 in Axes
  3517 | D:6      | Reached *** piety under Trog
  3518 | D:6      | Found a burning altar of Makhleb.
  3537 | D:6      | Noticed Eustachio
  3708 | D:6      | Killed Eustachio
  3708 | D:6      | Reached XP level 8. HP: 68/70 MP: 7/7
  3739 | D:6      | Noticed Prince Ribbit
  3754 | D:6      | Noticed Grinder
  3760 | D:6      | Reached skill level 1 in Shields
  3767 | D:6      | Killed Prince Ribbit
  3767 | D:6      | Reached skill level 10 in Axes
  3789 | D:6      | Killed Grinder
  3789 | D:6      | Reached skill level 5 in Armour
  3993 | D:6      | Found a staircase to the Ecumenical Temple.
  4075 | D:6      | Found an ornate altar of the Wu Jian Council.
  4345 | Temple   | Entered the Ecumenical Temple
  4611 | D:7      | Reached skill level 11 in Axes
  4616 | D:7      | Reached XP level 9. HP: 56/79 MP: 8/8
  5273 | D:7      | Noticed a troll
  5283 | D:7      | Killed a troll
  5384 | D:7      | Found a shattered altar of Ashenzari.
  5419 | D:8      | Noticed Maurice
  5570 | D:7      | Reached skill level 12 in Axes
  5739 | D:8      | Noticed supermoro's ghost (novice MiGl)
  5757 | D:8      | Killed Maurice
  5757 | D:8      | Reached XP level 10. HP: 91/91 MP: 9/9
  5768 | D:8      | Killed supermoro's ghost
  5768 | D:8      | Reached **** piety under Trog
  6168 | D:8      | Found a hazy altar of Hepliaklqana.
  6242 | D:8      | Noticed a two-headed ogre
  6252 | D:8      | Killed a two-headed ogre
  6252 | D:8      | Reached skill level 13 in Axes
  6493 | D:8      | Noticed Erica
  7064 | D:8      | Reached skill level 10 in Fighting
  7074 | D:8      | Noticed Pikel
  7098 | D:8      | Killed Pikel
  7307 | D:8      | Killed from afar by Erica

Skill      XL: |  1  2  3  4  5  6  7  8  9 10 |
---------------+-------------------------------+-----
Axes           | 4 5 6 7 9 11 12 13 | 13.5
Fighting       | 4 5 6 7 9 10 | 10.1
Armour         | 3 4 5 7 9 |  9.6
Dodging        | 3 4 |  4.0
Shields        | 1 2 4 |  4.5
Stealth        | |  0.7

Action                   |  1- 3 |  4- 6 |  7- 9 | 10-12 || total
-------------------------+-------+-------+-------+-------++-------
Melee: Hand axe          |    80 |    77 |   251 |   234 ||   642
       Headbutt          |     9 |    15 |    55 |    58 ||   137
Invok: Berserk           |       |     1 |     3 |     2 ||     6
  Use: Potion            |       |       |     2 |       ||     2
       Scroll            |       |       |       |    10 ||    10
  Eat: Chunk             |     2 |     5 |    11 |     8 ||    26
Armor: Animal skin       |    11 |       |       |       ||    11
       Plate armour      |     5 |    41 |   188 |    96 ||   330
Dodge: Dodged            |    46 |    14 |   109 |    50 ||   219
Block: Buckler           |       |     3 |    43 |    38 ||    84
